Map: Kairos Junction LE

Players

TYTY (TY)

  • Race: Terran Terran
  • League: Master
  • Spawn Location: 11:00

Serral - Winner!

  • Race: Zerg Zerg
  • League: Grandmaster
  • Spawn Location: 5:00

Event: HomeStory Cup XIX

VOD

Have the link to the VOD?

Description

Time

  • Played on: June 30, 2019, 11:41 a.m.
  • Length: 5:15

All games in this series

Show
View Real Time Build Order
Export as new Build Order

TYTY Terran 

Build Orders: Hellion Opening 

Get SALT Encoding   

  12  0:00  SCV  
  13  0:12  SCV  
  14  0:16  Supply Depot  
  14  0:24  SCV  
  15  0:38  SCV  
  15  0:39  Barracks  
  16  0:43  Refinery  
  16  0:50  SCV  
  17  1:02  SCV  
  18  1:14  SCV  
  19  1:26  Marine  
  19  1:27  Orbital Command  
  20  1:41  Command Center  
  20  1:44  Marine  
  21  1:55  Factory  
  21  1:58  SCV  
  22  2:05  Barracks Reactor  
  22  2:09  Supply Depot  
  22  2:11  SCV  
  23  2:30  SCV  
  23  2:34  Refinery  
  24  2:42  SCV  
  24  2:44  Starport, Hellion  
  24  2:45  Hellion  
  24  2:48  Barracks Tech Lab  
  28  2:55  Orbital Command  
  28  3:06  Hellion x2  
  28  3:12  Marauder  
  34  3:21  Medivac  
  36  3:27  Hellion  
  36  3:28  Hellion  
  36  3:33  Marauder  
  42  3:38  Supply Depot  
  42  3:48  Armory  
  42  3:49  Hellion  
  42  3:54  Marauder  
  46  4:00  Supply Depot  
  46  4:05  Concussive Shells  
  46  4:09  Hellion  
  48  4:10  Hellion  
  48  4:13  SCV  
  48  4:14  Supply Depot  
  51  4:21  SCV  
  52  4:25  Marauder  
  52  4:30  Hellion  
  56  4:35  Hellion  
  58  4:38  Medivac  
  60  4:51  Hellion  
  62  4:54  SCV x2  
Show
View Real Time Build Order
Export as new Build Order

Serral Zerg - Winner!

Build Orders: Hatch First 

Get SALT Encoding   

  12  0:00  Drone  
  13  0:12  Overlord  
  13  0:16  Drone  
  14  0:30  Drone x2  
  16  0:48  Hatchery  
  15  0:51  Drone  
  15  0:54  Drone  
  17  0:58  Drone  
  18  1:08  Extractor  
  17  1:13  Spawning Pool  
  17  1:17  Drone  
  17  1:19  Drone  
  18  1:28  Drone  
  19  1:38  Drone  
  20  1:58  Overlord  
  20  2:00  Queen x2  
  20  2:01  Zergling x4  
  26  2:12  Metabolic Boost  
  26  2:13  Drone x2  
  28  2:29  Hatchery  
  27  2:32  Drone  
  28  2:40  Drone x3  
  31  2:46  Queen  
  33  2:51  Overlord  
  33  2:56  Drone  
  33  2:57  Drone  
  35  3:00  Drone  
  36  3:11  Drone x2  
  36  3:12  Zergling x2  
  38  3:13  Drone x2  
  38  3:18  Overlord  
  38  3:19  Drone  
  41  3:27  Queen  
  43  3:37  Overlord  
  43  3:38  Zergling x4  
  43  3:40  Overlord  
  45  3:45  Drone, Roach Warren  
  45  3:46  Drone x2  
  47  3:48  Zergling x2  
  47  3:50  Drone  
  49  3:56  Drone x2  
  49  4:00  Extractor  
  49  4:01  Zergling x4  
  49  4:02  Drone x2  
  54  4:03  Drone, Extractor  
  54  4:07  Overlord  
  54  4:13  Drone  
  54  4:25  Roach x6  
  54  4:30  Roach  
  54  4:31  Roach x2  
  72  4:37  Roach  
  74  4:39  Overlord  
  74  4:44  Overlord  
  74  4:47  Overlord  
Tags
 
Add a new tag
Caveats
  • Supply blocks, unpowered buildings, or Contaminate may cause inaccurate times.
  • Supply counts are checked every 10 seconds.